 Dungeon Crawl Stone Soup version 0.20.1-1-g8b1a95d (webtiles) character file.

1684 MinusOne the Cleaver (level 8, -2/109 HPs)
             Began as a Minotaur Berserker on Aug 19, 2017.
             Was a Priest of Trog.
             Slain by an orc
             ... wielding a +0 falchion
              (4 damage)
             ... on level 7 of the Dungeon.
             The game lasted 00:26:38 (6293 turns).

MinusOne the Cleaver (Minotaur Berserker)           Turns: 6293, Time: 00:26:39

Health: -2/109     AC:  5    Str: 29    XL:     8   Next: 71%
Magic:  7/7        EV: 13    Int:  4    God:    Trog [***...]
Gold:   260        SH:  3    Dex: 10    Spells: 7/7 levels left

rFire    . . .     SeeInvis .   a - +0 hand axe
rCold    . . .     Gourm    .   g - +0 buckler
rNeg     . . .     Faith    .   J - +0 leather armour {rPois}
rPois    +         Spirit   .   (helmet restricted)
rElec    .         Reflect  .   f - scarf {cloud immunity}
rCorr    .         Harm     .   l - +0 pair of gloves
MR       .....                  (no boots)
Stlth    ..........             (no amulet)
Regen    0.3/turn               v - ring of stealth
MPRegen  0.1/turn               A - ring of poison resistance

@: berserking (expiring), starving, very quick
A: retaliatory headbutt, horns 2
a: Berserk, Trog's Hand, Burn Spellbooks, Renounce Religion


You were on level 7 of the Dungeon.
You worshipped Trog.
Trog was most pleased with you.
You were starving.

You visited 1 branch of the dungeon, and saw 7 of its levels.

You collected 320 gold pieces.
You spent 60 gold pieces at shops.

Inventory:

Hand Weapons
 a - a +0 hand axe (weapon)
 t - a +0 hand axe
Armour
 b - a +0 animal skin
 f - a scarf of cloud immunity (worn)
 g - a +0 buckler (worn)
 l - a +0 pair of gloves (worn)
 p - a +0 chain mail
 q - a +2 robe of resistance
 I - a +0 plate armour
 J - a +0 leather armour of poison resistance (worn)
Jewellery
 v - a ring of stealth (left hand)
 A - a ring of poison resistance (right hand)
 M - an uncursed ring of fire {unknown}
Wands
 i - a wand of random effects (29/48)
 G - a wand of acid (8/15)
Scrolls
 d - 4 scrolls of teleportation {unknown}
 m - 5 scrolls of remove curse
 u - a scroll of magic mapping
 w - 2 scrolls of amnesia {unknown}
 y - a scroll of blinking {unknown}
 F - 2 scrolls of fog {unknown}
 H - 2 scrolls of noise {unknown}
 K - 2 scrolls of identify
 N - a scroll of enchant armour {unknown}
Potions
 e - 4 potions of mutation {unknown}
 h - 3 potions of heal wounds {unknown}
 j - a potion of lignification {unknown}
 k - 6 potions of curing {unknown}
 n - a potion of might {unknown}
 r - 2 potions of flight {unknown}
 s - 2 potions of haste {unknown}
 C - 2 potions of agility {unknown}
 D - a potion of degeneration {unknown}
 L - a potion of brilliance {unknown}
Books
 B - a book of Misfortune

   Spells                             Type                      Level
   a - Confusing Touch                Hexes                        1
   b - Confuse                        Hexes                        3
   c - Gell's Gravitas                Translocation                3
   d - Petrify                        Transmutation/Earth          4
   e - Metabolic Englaciation         Hexes/Ice                    5
   f - Yara's Violent Unravelling     Hexes/Transmutation          5
   Trog disapproves of the use of such an item.
 E - Vehumet's Catalogue of Confrontation
   (You found it on level 4 of the Dungeon)

   Spells                             Type                      Level
   a - Magic Dart                     Conjuration                  1
   Trog disapproves of the use of such an item.
 P - a book of Conjurations

   Spells                             Type                      Level
   a - Magic Dart                     Conjuration                  1
   b - Searing Ray                    Conjuration                  2
   c - Dazzling Spray                 Conjuration/Hexes            3
   d - Fulminant Prism                Conjuration/Hexes            4
   e - Force Lance                    Conjuration/Translocation    4
   f - Iskenderun's Mystic Blast      Conjuration                  4
   Trog disapproves of the use of such an item.
Comestibles
 c - 5 bread rations
 o - 8 fruits
 x - 2 meat rations
 z - 3 royal jellies


   Skills:
 + Level 7.1 Fighting
 * Level 9.4 Axes
 + Level 6.1 Armour
 + Level 5.7 Dodging


You had 7 spell levels left.
You didn't know any spells.

Dungeon Overview and Level Annotations

Branches:
Dungeon (7/15)             Temple (0/1) D:5

Altars:
Fedhas
Gozag
Hepliaklqana
Kikubaaqudgha
Nemelex Xobeh
Sif Muna
Vehumet
Yredelemnul
Zin

Shops:
D:5 *

Annotations:
D:7 4 runed doors, Pikel


Innate Abilities, Weirdness & Mutations

You reflexively headbutt those who attack you in melee.
You have a pair of horns on your head.


Message History

The orc warrior barely misses you.
You barely miss the orc warrior.
The orc warrior is almost dead.
The orc warrior barely misses you.
You completely miss the orc warrior.
The orc warrior is severely wounded.
You closely miss the orc warrior.
The orc warrior is severely wounded.
The orc warrior misses you.
You barely miss the orc warrior.
The orc warrior is severely wounded.
You closely miss the orc warrior.
The orc warrior is severely wounded.
The orc warrior misses you.
You slash the orc warrior!
You kill the orc warrior!
Trog accepts your kill.
Your Armour skill increases to level 6!
The orc hits you with a falchion.
You die...

####......###.# #
######## #.# #.#
#.# ####.# ####
#....# ## #...
########.#### ..
#.##
.........#######.#
#.#
########.....)@o.#
#.# #.#########
#.# #.# #># #.#
#.# #.# #.# #.#
.#######.# #.#
.........# #.#
.#######.##
..........


You could see an orc.

Vanquished Creatures
  An orc warrior (D:7)
  2 sky beasts
  4 slaves (D:7)
  A necrophage (D:7)
  The ghost of NikLuk the Bolt Thrower, an amateur MiHu (D:3)
  2 ogres
  A centaur (D:7)
  Blork the orc (D:5)
  A big kobold (D:7)
  3 bullfrogs
  A scorpion (D:4)
  A crimson imp (D:5)
  A centaur zombie (D:5)
  A hound (D:4)
  A bullfrog skeleton (D:5)
  2 orc wizards
  An iguana (D:3)
  5 worker ants
  A hound skeleton (D:4)
  7 gnolls
  9 adders
  2 shadow imps (D:6)
  An adder zombie (D:7)
  An adder skeleton (D:7)
  3 dart slugs
  3 leopard geckos
  10 orcs
  A ball python (D:1)
  3 giant cockroaches
  9 goblins
  6 hobgoblins
  7 jackals (D:2)
  6 kobolds
  7 quokkas
  12 bats
  A frilled lizard (D:4)
  A quokka zombie (D:6)
  5 rats
125 creatures vanquished.

Notes
Turn   | Place    | Note
-------+----------+-------------------------------------------
     0 | D:1      | MinusOne the Minotaur Berserker began the quest for the Orb.
     0 | D:1      | Reached XP level 1. HP: 19/19 MP: 0/0
   403 | D:1      | Reached skill level 4 in Axes
   448 | D:1      | Reached XP level 2. HP: 27/27 MP: 1/1
   770 | D:2      | Reached XP level 3. HP: 33/33 MP: 2/2
  1172 | D:2      | Reached ** piety under Trog
  1436 | D:3      | Reached XP level 4. HP: 39/40 MP: 3/3
  1440 | D:3      | Reached skill level 5 in Axes
  1625 | D:3      | Noticed NikLuk's ghost (amateur MiHu)
  1644 | D:3      | Killed NikLuk's ghost
  1644 | D:3      | Reached XP level 5. HP: 47/47 MP: 4/4
  2399 | D:4      | Reached skill level 6 in Axes
  2399 | D:4      | Reached XP level 6. HP: 43/55 MP: 5/5
  2552 | D:4      | Reached skill level 5 in Fighting
  2855 | D:4      | Found an opulent altar of Gozag.
  2987 | D:4      | Reached XP level 7. HP: 61/61 MP: 6/6
  3098 | D:4      | Found a radiant altar of Vehumet.
  3101 | D:4      | Identified Vehumet's Catalogue of Confrontation
  3116 | D:4      | Found an ancient bone altar of Kikubaaqudgha.
  3117 | D:4      | Found a deep blue altar of Sif Muna.
  3197 | D:4      | Reached skill level 7 in Axes
  3356 | D:4      | Reached *** piety under Trog
  3527 | D:4      | Found a hazy altar of Hepliaklqana.
  3527 | D:4      | Found a blossoming altar of Fedhas.
  3528 | D:4      | Found a glowing silver altar of Zin.
  3568 | D:5      | Entered Level 5 of the Dungeon
  3588 | D:5      | Found a staircase to the Ecumenical Temple.
  3663 | D:5      | Noticed Blork the orc
  3681 | D:5      | Killed Blork the orc
  3814 | D:5      | Reached skill level 5 in Armour
  3876 | D:5      | HP: 3/63 [ogre/giant club (8)]
  4081 | D:5      | Found a basalt altar of Yredelemnul.
  4132 | D:5      | Reached skill level 8 in Axes
  4133 | D:5      | Found a sparkling altar of Nemelex Xobeh.
  4170 | D:5      | Reached XP level 8. HP: 61/70 MP: 7/7
  4295 | D:5      | Found Omuasic's Assorted Antiques.
  4298 | D:5      | Bought a scroll of identify for 60 gold pieces
  4571 | D:6      | Reached skill level 5 in Dodging
  5390 | D:7      | Reached skill level 9 in Axes
  5747 | D:7      | Found a huge runed gate.
  5747 | D:7      | Found a huge runed gate.
  5747 | D:7      | Found a huge runed gate.
  5747 | D:7      | Found a huge runed gate.
  5747 | D:7      | Noticed a polar bear
  5747 | D:7      | Noticed a polar bear
  5747 | D:7      | Noticed a polar bear
  5747 | D:7      | Noticed a polar bear
  5747 | D:7      | Noticed a polar bear
  5747 | D:7      | Noticed a hippogriff
  5747 | D:7      | Noticed a hippogriff
  5748 | D:7      | Noticed a polar bear
  5748 | D:7      | Noticed a dream sheep
  5757 | D:7      | Noticed Pikel
  6284 | D:7      | HP: 1/109 [orc warrior/trident (10)]
  6293 | D:7      | Slain by an orc

Skill      XL: |  1  2  3  4  5  6  7  8 |
---------------+-------------------------+-----
Axes           | 4 5 6 8 9 |  9.4
Fighting       | 4 5 6 7 |  7.1
Armour         | 3 4 5 6 |  6.1
Dodging        | 3 4 5 |  5.7

Action                   |  1- 3 |  4- 6 |  7- 9 || total
-------------------------+-------+-------+-------++-------
Melee: Hand axe          |    83 |   132 |   223 ||   438
       Headbutt          |    15 |    17 |    48 ||    80
Invok: Berserk           |       |     1 |     2 ||     3
       Trog's Hand       |       |       |     1 ||     1
  Use: Scroll            |       |     3 |     2 ||     5
  Eat: Chunk             |     2 |     6 |     6 ||    14
       Bread ration      |       |       |     1 ||     1
Armor: Animal skin       |    19 |       |       ||    19
       Chain mail        |    32 |    61 |    44 ||   137
       Leather armour    |       |       |    20 ||    20
Dodge: Dodged            |    53 |    53 |    78 ||   184
Block: Buckler           |     8 |     8 |    18 ||    34
